 Dungeon Crawl Stone Soup version 0.30-a0-986-g7f2e898f52 (webtiles) character file.

Game seed: 17531400514748842153

12779 Conn the Thaumaturge (level 11, -8/65 HPs)
             Began as an Octopode Fire Elementalist on Apr 2, 2023.
             Was a Follower of Sif Muna.
             Mangled by a komodo dragon (20 damage)
             ... on level 11 of the Dungeon.
             The game lasted 00:48:11 (12953 turns).

Conn the Thaumaturge (Octopode Fire Elementalist)  Turns: 12953, Time: 00:48:11

Health: -8/65      AC:  1    Str:  9    XL:     11   Next: 98%
Magic:  0/25       EV: 14    Int: 21    God:    Sif Muna [*.....]
Gold:   688        SH:  0    Dex: 18    Spells: 9/30 levels left

rFire   . . .      SeeInvis .    I - +1 war axe of Antuil {heavy, rN+ Will+}
rCold   . . .      Faith    .    (no shield)
rNeg    + . .      Spirit   +    (helmet restricted)
rPois   +          Reflect  .    t - amulet of guardian spirit
rElec   .          Rampage  .    F - +6 ring of dexterity
rCorr   .                        J - ring of poison resistance
Will    +....                    (no ring)
Stlth   ++++                     (no ring)
HPRegen 0.30/turn                (no ring)
MPRegen 0.19/turn                (no ring)
                                 (no ring)
                                 (no ring)

@: no status effects
A: almost no armour, amphibious, 8 rings, camouflage 1, gelatinous body 1,
(nimble swimmer 1), tentacles
a: Renounce Religion, Channel Magic


You were on level 11 of the Dungeon.
You worshipped Sif Muna.
Sif Muna was aware of your devotion.
You visited 2 branches of the dungeon, and saw 13 of its levels.
You also visited: Ossuary and Bailey.

You collected 688 gold pieces.

Inventory:

Hand Weapons
 b - a +2 whip of electrocution
 m - a +4 short sword of flaming
 B - the +10 quarterstaff "Jatrupim" {freeze, Fly rPois rC-}
   (You found it on level 4 of the Dungeon)

   rC:        It makes you vulnerable to cold.
   rPois:     It protects you from poison.
   Fly:       It grants you flight.
 I - the +1 war axe of Antuil (weapon) {heavy, rN+ Will+}
   (You found it in a bailey)

   rN:        It protects you from negative energy.
   Will:      It increases your willpower.
Missiles
 i - a throwing net
 w - 5 curare-tipped darts
Armour
 G - a +1 kite shield
Jewellery
 t - an amulet of guardian spirit (around mantle)
 v - a ring of ice
 F - a +6 ring of dexterity (left tentacle)
 J - a ring of poison resistance (right tentacle)
Wands
 r - a wand of iceblast (5)
 y - a wand of mindburst (8)
 z - a wand of light (2)
 H - a wand of polymorph (11)
 K - a wand of paralysis (11)
 N - a wand of flame (8)
Scrolls
 c - 4 scrolls of immolation
 d - 3 scrolls of teleportation
 e - 3 scrolls of magic mapping
 f - 3 scrolls of amnesia
 g - a scroll of torment
 k - 2 scrolls of fog
 l - a scroll of enchant weapon
 n - 3 scrolls of poison
 p - a scroll of enchant armour
 q - a scroll of butterflies
 s - 4 scrolls of silence
 x - 2 scrolls of blinking
 E - 2 scrolls of brand weapon
 M - a scroll of identify
Potions
 a - 4 potions of magic
 h - 5 potions of might
 j - 4 potions of curing
 o - 3 potions of cancellation
 u - 2 potions of heal wounds
 A - a potion of ambrosia
 C - a potion of mutation
 D - 2 potions of brilliance
 L - a potion of resistance


   Skills:
 + Level 2.3 Fighting
 + Level 1.3 Short Blades
 + Level 1.1(2.4) Maces & Flails
 + Level 3.3(3.5) Staves
 + Level 3.5 Dodging
 + Level 5.3 Stealth
 * Level 10.3 Spellcasting
 * Level 6.3 Conjurations
 + Level 2.4 Hexes
 * Level 6.4 Summonings
 * Level 3.6 Transmutations
 + Level 7.7 Fire Magic
 + Level 5.0 Ice Magic
 * Level 2.7 Invocations
 + Level 0.3 Evocations


You had 9 spell levels left.
You knew the following spells:

 Your Spells              Type           Power      Damage    Failure   Level
a - Foxfire               Conj/Fire      100%       2x1d6     1%          1
b - Summon Ice Beast      Ice/Summ       34%        N/A       6%          4
c - Inner Flame           Hex/Fire       32%        N/A       2%          3
d - Flame Wave            Conj/Fire      40%        2d11      3%          4
e - Scorch                Fire           86%        2d9       1%          2
f - Searing Ray           Conj           74%        2d7       1%          2
g - Irradiate             Conj/Tmut      15%        3d16      22%         5

Your spell library contained the following spells:

 Spells                   Type           Power      Damage    Failure   Level
 Magic Dart               Conj           100%       1d8       1%          1
 Slow                     Hex            84%        N/A       2%          1
 Wereblood                Tmut           26%        N/A       2%          2
 Sting                    Tmut/Pois      72%        1d6       3%          1
 Confusing Touch          Hex            21%        N/A       7%          3
 Kindle Blastsparks       Fire/Tloc/Air  42%        2d13      7%          3
 Poisonous Vapours        Pois/Air       20%        N/A       10%         2
 Sublimation of Blood     Necr           10%        N/A       10%         2
 Fulminant Prism          Conj/Hex       14%        3d8       10%         4
 Vampiric Draining        Necr           10%        2d6       19%         3
 Summon Mana Viper        Hex/Summ       29%        N/A       28%         5
 Petrify                  Tmut/Erth      18%        N/A       30%         4
 Manifold Assault         Tloc           10%        N/A       52%         4
 Olgreb's Toxic Radiance  Pois           10%        N/A       52%         4
 Monstrous Menagerie      Summ           18%        N/A       98%         7
 Summon Hydra             Summ           18%        N/A       98%         7
 Dispersal                Tloc           5%         N/A       100%        6
 Disjunction              Tloc           5%         N/A       100%        8


Dungeon Overview and Level Annotations

Branches:
Dungeon (12/15)            Temple (1/1) D:5         Ossuary (visited)
 Bailey (visited)
   Lair: D:8-11         Orc: D:9-12

Altars:
Ashenzari
Cheibriados
Dithmenos
Elyvilon
Fedhas
Gozag
Hepliaklqana
Kikubaaqudgha
Makhleb
Nemelex Xobeh
Okawaru
Qazlal
Ru
Sif Muna
Trog
Uskayaw
Vehumet
Wu Jian
Xom
Yredelemnul
Zin
The Shining One

Portals:
Trove: D:10 (give 2 scrolls of acquirement)

Annotations:
D:3 fly's ghost, amateur DgDe
D:6 3 runed translucent doors, Pascal76's ghost, novice GrBe


Innate Abilities, Weirdness & Mutations

You cannot wear most types of armour.
You are amphibious.
You can wear up to eight rings at the same time.
Your skin changes colour to match your surroundings (Stealth+).
Your rubbery body absorbs attacks. (AC +1, EV +1)
((You are camouflaged when in or above water. (Stealth+)))
You have tentacles for arms and can constrict up to eight enemies at once.


Message History

Casting: Inner Flame (dangerous; 2% risk of failure)
Confirm with . or Enter, or press ? or * to list all spells.
Flames lash the komodo dragon.
Flame seeps out of the komodo dragon.
The komodo dragon is lightly wounded.
The komodo dragon's fire resistance burns away.
The komodo dragon is engulfed in blazing flames.
Flame seeps out of the komodo dragon.
Casting: Scorch (safe; 1% risk of failure)
Confirm with . or Enter, or press ? or * to list all spells.
Flames lash the komodo dragon.
The komodo dragon is burned terribly!
Flame seeps out of the komodo dragon.
The komodo dragon is heavily wounded.
The komodo dragon is engulfed in blazing flames.
Flame seeps out of the komodo dragon.
Casting: Scorch (safe; 1% risk of failure)
Confirm with . or Enter, or press ? or * to list all spells.
You conjure some foxfire!
The komodo dragon bites you!!
The foxfire hits the komodo dragon but does no damage.
The komodo dragon is severely wounded.
The foxfire hits the komodo dragon but does no damage.
The komodo dragon is severely wounded.
Casting: Foxfire (safe; 1% risk of failure)
Confirm with . or Enter, or press ? or * to list all spells.
You conjure some foxfire!
The komodo dragon bites you.
The foxfire hits the komodo dragon.
The komodo dragon is burned terribly!
Flame seeps out of the komodo dragon.
The komodo dragon is almost dead.
The foxfire hits the komodo dragon but does no damage.
The komodo dragon is almost dead.
The komodo dragon is engulfed in blazing flames.
Flame seeps out of the komodo dragon.
You see here 6 stones.
Casting: Foxfire (safe; 1% risk of failure)
Confirm with . or Enter, or press ? or * to list all spells.
You conjure some foxfire!
The komodo dragon bites you!!
* * * LOW HITPOINT WARNING * * *
Your foxfire dissipates!
The komodo dragon attacks as you move away!
The komodo dragon bites you!!
You die...

#.# #...b#### ### ##..##
.. # #..## . .. .#
.....###. ..# .(##
###..#.. ..# ...# #..#
##.# . ...###### #†###..#
.## ....##..## #.v##..#
#..# .....##..#####°l@#..#
#....
...>###....#...#....##....
.....###.....#####..#..##
..##.###....## ##.....##
.# #..##...## ##......## #
#........## #.........
#....###..## ##.###....#
#.....# ##..###..## ##.##
....##..# ##.......# ..#


You could see a komodo dragon (inner flame, combustible, ally target).

Vanquished Creatures
  A hydra (D:10)
  Erica (D:8)
  Pikel (D:9)
  A deep elf pyromancer (Bailey)
  An orc knight (Bailey)
  Maurice (D:9)
  Maggie (D:8)
  A rime drake (D:11)
  Psyche (D:8)
  5 trolls
  A hornet (D:10)
  Grinder (D:4)
  3 dream sheep (D:10)
  A wraith (D:10)
  10 yaks
  2 shadows (D:10)
  A vampire (D:10)
  Grum (D:8)
  2 wyverns
  A steam dragon (D:9)
  2 water moccasins
  8 ice beasts
  2 black bears
  8 orc warriors
  A sky beast (D:7)
  4 wolves
  3 centaurs
  3 phantoms (D:4)
  A gnoll sergeant (D:7)
  3 bullfrogs (D:7)
  2 scorpions
  7 wights (D:8)
  A centaur zombie (Ossuary)
  3 jellies (D:4)
  A gnoll bouda (D:10)
  7 hounds
  2 orc priests
  Jessica (D:3)
  2 iguanas
  7 orc wizards
  A sleepcap (D:5)
  3 mummies (Ossuary)
  3 gnolls (D:7)
  10 adders
  A shadow imp (D:7)
  A white imp (D:6)
  2 ufetubi (D:4)
  4 worms
  A dart slug (D:2)
  41 orcs
  12 endoplasms
  3 giant cockroaches
  A gnoll zombie (Ossuary)
  9 goblins
  6 hobgoblins
  3 jackals
  7 quokkas
  10 ball pythons
  4 bats
  3 frilled lizards
  3 goblin zombies (Ossuary)
  A hobgoblin zombie (Ossuary)
  6 kobolds
  2 kobold zombies (Ossuary)
  5 rats
247 creatures vanquished.

Vanquished Creatures (others)
  662 foxfires
  A plant (D:5)
663 creatures vanquished.

Grand Total: 910 creatures vanquished

Notes
Turn   | Place    | Note
-------+----------+-------------------------------------------
     0 | D:1      | Conn the Octopode Fire Elementalist began the quest for the
                  | Orb.
     0 | D:1      | Reached XP level 1. HP: 11/11 MP: 3/3
   153 | D:1      | Reached XP level 2. HP: 13/17 MP: 0/5
   716 | D:1      | Reached XP level 3. HP: 21/21 MP: 4/6
  1095 | D:2      | Reached skill level 1 in Maces & Flails
  1096 | D:2      | Reached XP level 4. HP: 5/27 MP: 1/8
  1991 | D:3      | Learned a level 2 spell: Scorch
  1995 | D:3      | Learned a level 3 spell: Inner Flame
  2052 | D:3      | Reached skill level 1 in Fighting
  2162 | D:3      | Reached skill level 3 in Spellcasting
  2307 | D:3      | Found a broken altar of Ashenzari.
  2310 | D:3      | Reached XP level 5. HP: 33/33 MP: 2/9
  2719 | D:3      | Noticed Jessica
  2726 | D:3      | Killed Jessica
  2917 | D:3      | Found a blossoming altar of Fedhas.
  2944 | D:3      | Found a runed translucent gate.
  2944 | D:3      | Found a runed translucent gate.
  2944 | D:3      | Found a runed translucent gate.
  2948 | D:3      | Noticed fly's ghost (amateur DgDe)
  2948 | D:3      | Identified the +5 dagger "Liytun" {heavy, rF++ Int-4 Dex+4}
  2948 | D:3      | Identified the +0 scale mail of Werphez {rF+ rC++ rN+ MP-9}
  2954 | D:3      | Learned a level 4 spell: Flame Wave
  3213 | D:4      | Identified the +10 quarterstaff "Jatrupim" {freeze, Fly
                  | rPois rC-}
  3335 | D:4      | Noticed Grinder
  3348 | D:4      | Paralysed by Grinder for 3 turns
  3349 | D:4      | Killed Grinder
  3350 | D:4      | Reached skill level 4 in Spellcasting
  3350 | D:4      | Reached XP level 6. HP: 26/38 MP: 0/12
  3551 | D:4      | Found an ornate altar of the Wu Jian Council.
  3717 | D:4      | Reached XP level 7. HP: 43/43 MP: 5/13
  3719 | D:4      | Reached skill level 1 in Short Blades
  3795 | D:4      | Reached skill level 1 in Staves
  3903 | D:4      | Learned a level 4 spell: Summon Ice Beast
  3940 | D:5      | Entered Level 5 of the Dungeon
  4054 | D:5      | Reached skill level 5 in Spellcasting
  4175 | D:5      | Reached skill level 1 in Summonings
  4184 | D:5      | Reached XP level 8. HP: 39/48 MP: 3/15
  4189 | D:5      | Reached skill level 5 in Fire Magic
  4714 | D:5      | Reached skill level 1 in Ice Magic
  4776 | D:5      | Found a staircase to the Ecumenical Temple.
  4783 | Temple   | Entered the Ecumenical Temple
  4894 | D:5      | Found a hazy altar of Hepliaklqana.
  5392 | D:6      | Identified the +1 leather armour "Qem Mack" {rElec rPois
                  | rF- SInv}
  5804 | D:6      | Found a runed translucent gate.
  5805 | D:6      | Found a runed translucent gate.
  5805 | D:6      | Found a runed translucent gate.
  5806 | D:6      | Noticed Pascal76's ghost (novice GrBe)
  5982 | D:7      | Found a sand-covered staircase.
  6002 | Ossuary  | Entered an ossuary
  6008 | Ossuary  | Learned a level 2 spell: Searing Ray
  6573 | D:7      | Reached skill level 5 in Stealth
  6573 | D:7      | Reached XP level 9. HP: 54/54 MP: 5/17
  6996 | D:7      | Reached skill level 6 in Spellcasting
  7474 | D:7      | Found a shadowy altar of Dithmenos.
  7480 | D:7      | Found a stormy altar of Qazlal.
  7480 | D:7      | Found an opulent altar of Gozag.
  7492 | D:7      | Found a snail-covered altar of Cheibriados.
  7496 | D:7      | Found an iron altar of Okawaru.
  7783 | D:8      | Noticed a troll
  7790 | D:8      | Killed a troll
  7837 | D:8      | Reached skill level 5 in Conjurations
  8035 | D:9      | Found a shimmering altar of Xom.
  8060 | D:9      | Noticed Pikel
  8067 | D:9      | Noticed Maurice
  8074 | D:9      | Reached skill level 1 in Hexes
  8075 | D:9      | Reached XP level 10. HP: 60/60 MP: 8/20
  8079 | D:9      | Killed Pikel
  8080 | D:9      | Reached skill level 7 in Spellcasting
  8289 | D:7      | Learned a level 5 spell: Irradiate
  8404 | D:8      | Noticed Maggie
  8607 | D:8      | Found a white marble altar of Elyvilon.
  8609 | D:8      | Found a glowing golden altar of the Shining One.
  8617 | D:8      | Found a glowing silver altar of Zin.
  8643 | D:8      | Killed Maggie
  8834 | D:8      | Noticed Psyche
  8848 | D:8      | Killed Psyche
  8849 | D:8      | Reached skill level 8 in Spellcasting
  9066 | D:8      | Noticed Grum
  9073 | D:8      | Killed Grum
  9285 | D:8      | Noticed Erica
  9292 | D:8      | Killed Erica
  9293 | D:8      | Reached skill level 5 in Summonings
  9293 | D:8      | Reached skill level 5 in Ice Magic
  9381 | D:8      | Found a shimmering blue altar of Sif Muna.
  9384 | D:8      | Became a worshipper of Sif Muna the Loreminder
  9521 | D:9      | Reached skill level 1 in Transmutations
  9521 | D:9      | Reached skill level 1 in Invocations
  9521 | D:9      | Reached XP level 11. HP: 47/64 MP: 4/23
  9673 | D:9      | Reached skill level 9 in Spellcasting
  9986 | D:9      | HP: 1/64 [steam dragon (11)]
 10351 | D:9      | Killed Maurice
 10743 | D:10     | Entered Level 10 of the Dungeon
 10798 | D:10     | Found an ancient bone altar of Kikubaaqudgha.
 10981 | D:10     | Found a flagged portal.
 11037 | Bailey   | Entered a bailey
 11126 | Bailey   | Reached * piety under Sif Muna
 11135 | Bailey   | Noticed an orc knight
 11154 | Bailey   | Killed an orc knight
 11410 | Bailey   | Found a large runed translucent door.
 11410 | Bailey   | Found a large runed translucent door.
 11411 | Bailey   | Noticed a deep elf pyromancer
 11466 | Bailey   | Killed a deep elf pyromancer
 11482 | Bailey   | Identified the +9 plate armour of Mysticism {Will+ SInv}
 11485 | Bailey   | Identified the +1 war axe of Antuil {heavy, rN+ Will+}
 11633 | D:10     | Found a portal to a secret trove of treasure.
 11746 | D:10     | Noticed a six-headed hydra
 11753 | D:10     | Killed a six-headed hydra
 12010 | D:10     | Reached skill level 10 in Spellcasting
 12953 | D:11     | Mangled by a komodo dragon

Illustrated notes

Levels and vault maps discovered:
D:1:      minmay_arrival_nine_rooms, layout_basic, minmay_distorted
D:2:      layout_basic, minmay_diced_spiral
D:3:      layout_basic, fedhas_altar_fruit_tree, ashenzari_altar_1,
          biasface_ghost_orc_armoury, mrwooster_statue_mirror,
          kennysheep_jessica_study
D:4:      minmay_octagon_keep, layout_rooms, nzn_wu_jian_contemplation,
          uniq_grinder
D:5:      layout_basic, nicolae_hepliaklqana_hazy_memory,
          minmay_temple_entry_enclosed_plants
D:6:      layout_loops_ring, ebering_ghost_rock_garden
D:7:      layout_gridville, minmay_overflow_temple_star_hex, enter_ossuary_1
D:8:      layout_basic, good_gods_mini_temple, lemuel_blue_sif_altar,
          uniq_psyche, uniq_erica, uniq_grum, uniq_maggie
D:9:      layout_basic, kennysheep_little_box, uniq_pikel, uniq_maurice
D:10:     layout_stronghold, mainiacjoe_overflow_paths, enter_bailey_4,
          nicolae_trove_entry_isolated, dreamdust_gnoll_shepherd
D:11:     layout_layer_cave, hellmonk_lair_entry_icy
D:12:     layout_basic, david_orc_3
Temple:   nicolae_temple_great_sept

Skill      XL: |  1  2  3  4  5  6  7  8  9 10 11 |
---------------+----------------------------------+-----
Maces & Flails | 1 |  1.1
Stealth        | 3 5 |  5.3
Fighting       | 1 2 |  2.3
Spellcasting   | 3 4 5 6 8 10 | 10.3
Conjurations   | 2 3 4 5 6 |  6.3
Fire Magic     | 4 5 6 7 |  7.7
Short Blades   | 1 |  1.3
Staves         | 1 2 3 |  3.3
Summonings     | 1 2 3 5 6 |  6.4
Ice Magic      | 2 3 5 |  5.0
Dodging        | 3 |  3.5
Hexes          | 1 2 |  2.4
Transmutations | 1 3 |  3.6
Invocations    | 1 2 |  2.7
Evocations     | |  0.3

Action                     |  1- 3 |  4- 6 |  7- 9 | 10-12 || total
---------------------------+-------+-------+-------+-------++-------
  Melee: Unarmed           |     3 |       |       |       ||     3
         Constrict         |    11 |     6 |    10 |     1 ||    28
         Whip              |    19 |       |       |       ||    19
         Tentacles         |     5 |     3 |    14 |     3 ||    25
         Short sword       |    12 |    24 |       |       ||    36
         Punch             |     1 |       |       |       ||     1
         Quarterstaff      |       |    11 |    65 |     3 ||    79
         War axe           |       |       |       |     3 ||     3
   Cast: Foxfire           |    39 |    91 |   122 |   134 ||   386
         Scorch            |       |     7 |    29 |    72 ||   108
         Inner Flame       |       |     2 |    14 |    26 ||    42
         Flame Wave        |       |     1 |     1 |    10 ||    12
         Searing Ray       |       |       |     2 |     1 ||     3
         Summon Ice Beast  |       |       |       |     6 ||     6
  Evoke: Wand              |       |       |     4 |     6 ||    10
    Use: Potion            |     1 |     1 |     5 |     2 ||     9
         Scroll            |       |       |    21 |     8 ||    29
   Stab: Sleeping          |     2 |     2 |     5 |     2 ||    11
         Distracted        |       |       |     2 |       ||     2
 Armour: Skin              |     4 |     1 |     3 |     1 ||     9
  Dodge: Dodged            |    34 |    33 |    64 |    45 ||   176

Table legend: (Time is in decaauts)
 A = Elapsed time spent in this place.
 B = Non-inter-level travel time spent in this place.
 C = Inter-level travel time spent in this place.
 D = Time resting spent in this place.
 E = Time spent auto-exploring this place.
 F = Levels seen in this place.
 G = Mean time per level.
                   A        B        C        D        E       F      G
               +--------+--------+--------+--------+--------+-----+--------+
         Total |  12990 |  12696 |    294 |    741 |   8878 |  15 |  866.0 |
       Dungeon |  11999 |  11712 |    287 |    629 |   8539 |  12 |  999.9 |
        Temple |     82 |     75 |      7 |      0 |     52 |   1 |   82.0 |
       Ossuary |    361 |    361 |      0 |    112 |      3 |   1 |  361.0 |
        Bailey |    547 |    547 |      0 |      0 |    284 |   1 |  547.0 |
               +--------+--------+--------+--------+--------+-----+--------+

Top non-repeatable levels by time:
     D:8: 1524 daAuts
     D:9: 1517 daAuts
     D:7: 1437 daAuts
    D:10: 1372 daAuts
     D:3: 1125 daAuts
     D:5: 1114 daAuts
     D:2: 1103 daAuts
     D:1: 886 daAuts
     D:4: 848 daAuts
     D:6: 777 daAuts
  Bailey: 547 daAuts
 Ossuary: 361 daAuts
    D:11: 151 daAuts
    D:12: 140 daAuts
  Temple: 82 daAuts
